 Dungeon Crawl Stone Soup version 0.17-a0-1564-g7b572aa (webtiles) character file.

6663 urechis the Grappler (level 10, -5/100 HPs)
             Began as a Troll Monk on July 21, 2015.
             Slain by a blink frog (16 damage)
             ... on level 7 of the Lair of Beasts.
             The game lasted 00:13:48 (7461 turns).

urechis the Grappler (Troll Monk)                   Turns: 7461, Time: 00:13:48

Health: -5/100     AC:  7    Str: 24    XL:     10   Next: 73%
Magic:  9/9        EV: 10    Int:  6    God:
Gold:   335        SH:  0    Dex: 12    Spells: 0 memorised, 9 levels left

rFire  + . .     SeeInvis .       - Unarmed
rCold  x . .     Clarity  .     B - +2 robe
rNeg   . . .     SustAt   +     (no shield)
rPois  .         Gourm    +     (helmet restricted)
rElec  .         Spirit   .     (no cloak)
rCorr  .         Warding  .     (gloves unavailable)
rMut   .         Stasis   .     (boots unavailable)
MR     .....                    (no amulet)
Stlth  ++........               u - ring of fire
                                j - ring of sustain attributes

@: drained, not resistant to hostile enchantments, unstealthy
A: unfitting armour, claws 3, fast metabolism 3, gourmand, regeneration 2,
shaggy fur 1, tough skin 2
a: no special abilities


You were on level 7 of the Lair of Beasts.
You were very full.

You visited 2 branches of the dungeon, and saw 15 of its levels.

You collected 335 gold pieces.

Inventory:

Hand weapons
 a - a +0 blowgun
Missiles
 n - 54 poisoned needles
 q - 24 tomahawks (quivered)
 E - 2 needles of sleeping
 K - 4 large rocks
Armour
 B - a +2 robe (worn)
Jewellery
 j - a ring of sustain attributes (left claw)
 u - a ring of fire (right claw)
Scrolls
 h - 3 scrolls of remove curse
 i - 3 scrolls of recharging
 p - 2 scrolls of fog
 r - 2 scrolls of enchant armour
 s - 2 scrolls of fear
 v - a scroll of magic mapping
 w - 2 scrolls of immolation {unknown}
 y - a scroll of random uselessness {unknown}
 H - 2 scrolls of teleportation {unknown}
 J - a scroll of identify
Potions
 d - a potion of resistance {unknown}
 e - a potion of cancellation {unknown}
 g - a potion of might {unknown}
 k - 2 potions of lignification {unknown}
 l - 6 potions of curing
 m - 3 potions of poison {unknown}
 x - 2 potions of ambrosia {unknown}
 z - a potion of brilliance {unknown}
 C - a potion of degeneration {unknown}
 D - a potion of beneficial mutation {unknown}
 F - a potion of cure mutation {unknown}
 G - a potion of heal wounds {unknown}
 I - 2 potions of mutation {unknown}
Comestibles
 b - 14 bread rations
 f - 5 fruits
 o - 3 beef jerkies
 t - 3 slices of pizza
 A - 2 meat rations


   Skills:
 + Level 6.6(6.4) Fighting
 - Level 2.4(2.2) Dodging
 - Level 1.1(0.9) Stealth
 + Level 14.5(14.3) Unarmed Combat


You had 9 spell levels left.
You didn't know any spells.

Dungeon Overview and Level Annotations

Branches:
Dungeon (8/15)             Temple (0/1) D:5            Lair (7/8) D:8
  Swamp: Lair:3-6    Shoals: Lair:3-6     Snake: Lair:3-6    Spider: Lair:3-6
  Slime: Lair:6-8

Altars:
Ashenzari
Cheibriados
Dithmenos
Elyvilon
Xom
The Shining One

Shops:
D:6 (

Annotations:
D:4 urechis's ghost, average TrMo


Innate Abilities, Weirdness & Mutations

You are too large for most types of armour.
You have claws for hands.
Your metabolism is lightning-fast.
You like to eat raw meat.
You heal very quickly.
You are covered in fur (AC +1).
You have very tough skin (AC +2).


Message History

You claw the porcupine!
You kill the porcupine!
The blink frog blinks!
You swing at nothing.
You miss the blink frog.
The blink frog blinks!
The blink frog hits you!
* * * LOW HITPOINT WARNING * * *
You mangle the blink frog!!
The blink frog begins to bleed from its wounds!
The blink frog is severely wounded.
The blink frog blinks!
The blink frog momentarily phases out as your attack passes through it.
You claw the blink frog!
The blink frog is moderately wounded.
The blink frog hits you!
* * * LOW HITPOINT WARNING * * *
You claw the blink frog!
The blink frog begins to bleed from its wounds!
The blink frog is heavily wounded.
The blink frog completely misses you. The blink frog hits you!
You die...

,,,,,,,,,........##.........##...
,,,,,,,*,........#..P.P.....##..#
,,,,,***,......#...............##
,,,,,* *,.....................#.*
*,,,,***,......#P.FF..P.........,
,*,,*,,**........ยง##P...........#
**,,,,,,,..........##............
,,,,,,,,,......F#F##*......P#.*.P
,,,,,,,**......#@## *#.....***,,,
,,,,,*,*,.#....### **..,,,**,*,
,,,,,,****##..#* *,,,,,,,,**,
*,,*,,,,* #..,* **,*,,,,,,***
*,,,,**,* #.*** *,,*,,,,*** *
*,*,,**** *** **,***,,** * ****,*
*,** **** *** ***


You could see 3 blink frogs.

Vanquished Creatures
  A spiny frog (Lair:7)
  2 komodo dragons
  A fire drake (D:8)
  Prince Ribbit (D:8)
  11 yaks
  A basilisk (Lair:1)
  A hippogriff (D:7)
  A hungry ghost (D:8)
  2 porcupines
  3 sky beasts
  A black bear (D:7)
  An ice beast (D:8)
  3 crocodiles
  2 ogres
  3 orc warriors
  5 centaurs
  Blork the orc (D:6)
  5 giant frogs
  3 scorpions
  4 killer bees (D:7)
  A jelly (D:8)
  2 hounds
  4 crimson imps
  2 iguanas
  5 orc priests
  5 orc wizards
  4 hell rats (Lair:5)
  A worker ant (D:8)
  A hound skeleton (D:7)
  A hound zombie (D:7)
  3 gnolls (D:7)
  8 adders
  A shadow imp (D:5)
  3 oozes
  2 adder skeletons (D:4)
  An adder zombie (D:8)
  5 worms
  2 giant geckos
  23 orcs
  A bat skeleton (D:7)
  A bat zombie (D:6)
  11 giant cockroaches
  15 hobgoblins
  4 jackals (D:7)
  10 kobolds
  4 quokkas
  2 ball pythons
  8 bats
  2 giant gecko zombies
  7 giant newts
  10 goblins
  A quokka skeleton (D:4)
  A quokka zombie (D:5)
  22 rats
225 creatures vanquished.

Notes
Turn   | Place    | Note
--------------------------------------------------------------
     0 | D:1      | urechis the Troll Monk began the quest for the Orb.
     0 | D:1      | Reached XP level 1. HP: 22/22 MP: 0/0
   126 | D:1      | Reached XP level 2. HP: 22/29 MP: 1/1
   892 | D:2      | Reached skill level 5 in Unarmed Combat
   907 | D:2      | Reached XP level 3. HP: 36/36 MP: 2/2
  1215 | D:2      | Reached XP level 4. HP: 44/44 MP: 3/3
  1805 | D:3      | Reached skill level 6 in Unarmed Combat
  1998 | D:3      | Reached XP level 5. HP: 47/50 MP: 4/4
  2651 | D:4      | Reached skill level 7 in Unarmed Combat
  2793 | D:4      | Found a shadowy altar of Dithmenos.
  3188 | D:4      | Noticed urechis's ghost (average TrMo)
  3394 | D:5      | Entered Level 5 of the Dungeon
  3542 | D:5      | Reached XP level 6. HP: 53/59 MP: 5/5
  3694 | D:5      | Noticed a sky beast
  3700 | D:5      | Killed a sky beast
  3700 | D:5      | Reached skill level 8 in Unarmed Combat
  3871 | D:5      | Found a staircase to the Ecumenical Temple.
  4035 | D:5      | Reached XP level 7. HP: 64/66 MP: 6/6
  4098 | D:5      | Found a glowing golden altar of the Shining One.
  4098 | D:5      | Found a white marble altar of Elyvilon.
  4287 | D:6      | Noticed Blork the orc
  4296 | D:6      | Killed Blork the orc
  4351 | D:6      | Reached skill level 9 in Unarmed Combat
  4589 | D:6      | Reached skill level 10 in Unarmed Combat
  4619 | D:6      | Noticed a yak
  4620 | D:6      | Noticed a yak
  4621 | D:6      | Noticed a yak
  4621 | D:6      | Noticed a yak
  4622 | D:6      | Noticed a yak
  4632 | D:6      | Killed a yak
  4632 | D:6      | Reached XP level 8. HP: 48/74 MP: 7/7
  4636 | D:6      | Killed a yak
  4646 | D:6      | Killed a yak
  4646 | D:6      | Reached skill level 11 in Unarmed Combat
  4652 | D:6      | Killed a yak
  4658 | D:6      | Killed a yak
  4754 | D:6      | Found Manaeb's Antique Weapon Emporium.
  4768 | D:6      | Found a shattered altar of Ashenzari.
  4794 | D:6      | Reached skill level 12 in Unarmed Combat
  4955 | D:6      | Reached XP level 9. HP: 63/80 MP: 8/8
  5191 | D:6      | Found a shimmering altar of Xom.
  5263 | D:7      | Found a snail-covered altar of Cheibriados.
  5442 | D:7      | Reached skill level 13 in Unarmed Combat
  6500 | D:8      | Noticed Prince Ribbit
  6521 | D:8      | Killed Prince Ribbit
  6553 | D:8      | Found a staircase to the Lair.
  6553 | D:8      | Noticed a fire drake
  6567 | D:8      | Killed a fire drake
  6572 | D:8      | Reached XP level 10. HP: 55/94 MP: 9/9
  6652 | Lair:1   | Entered Level 1 of the Lair of Beasts
  6691 | Lair:1   | Reached skill level 5 in Fighting
  6818 | Lair:1   | Reached skill level 14 in Unarmed Combat
  7075 | Lair:3   | Noticed an elephant
  7461 | Lair:7   | Slain by a blink frog

Vault maps used:
D:1:      dpeg_arrival_rhombus, grunt_decor_clamped, hangedman_decor_slide_cut,
          minmay_misc_feat_five
D:2:      first_bread
D:3:      gup_sewer_entry_spiral
D:4:      nicolae_dithmenos_shadow_blocks
D:5:      gammafunk_temple_overflow_pools, minmay_temple_entry_junction,
          minmay_small_thing
D:6:      kennysheep_mini_moat, nicolae_overflow_crystal_walls, serial_shops,
          nicolae_shop_temple_entry_statues_fountains, kennysheep_potato,
          uniq_blork_the_orc
D:7:      lemuel_crystal_altar
D:8:      minmay_lair_entry_lava, serial_shops, nicolae_shop_waterfront,
          uniq_prince_ribbit1
Lair:1:   serial_bayou_shore_b, grunt_megastairs_3
Lair:2:   lemuel_fruit_tree
Lair:3:   mu_elephants_graveyard
Lair:4:   minmay_shoals_entry_lonely_mermaid, st_stairs_12, minivault_25
Lair:5:   hibernation_bobbens, lemuel_fruit_fields, grunt_megastairs_1
Lair:6:   minmay_snake_entry_guardpost_small, nicolae_volcano_entry_hallway,
          bobbens_ice_dragon_lair, grunt_megastairs_4, uniq_kirke,
          uniq_josephine
Lair:7:   infiniplex_staircase_pool

Action                   |  1- 3 |  4- 6 |  7- 9 | 10-12 || total
-------------------------+-------+-------+-------+-------++-------
Melee: Unarmed           |    77 |   198 |   273 |   107 ||   655
  Use: Scroll            |       |       |       |     7 ||     7
 Stab: Sleeping          |     2 |     5 |     5 |       ||    12
       Distracted        |       |       |       |     1 ||     1
  Eat: Chunk             |     9 |    28 |    26 |     9 ||    72
